AoeStats
← Alexeug

Lombardia

510149841Analyzed
2v2 RM · 4d ago on Sep 29, 2026· 60m 25s· 4 players
Game mode
Random Map
Map size
Medium (4 player)
Population
200
Speed
Normal
Resources
Standard
Victory
Conquest
Starting age
Dark Age
Ending age
Imperial Age
RankedLock teamsTeams togetherTeam positionsShared explorationLock speedFull tech treeHidden civsTurbo modeCheats
Victory
Defeat
🇳🇱 Lithuanians · Netherlands
946
+14
🇳🇱 Britons · Netherlands
828
+19
🇫🇷 Chinese · France
905
-17
🇫🇷 Lithuanians · France
890
-42
Mackers
7:11 Loom
9:59 Feudal Age
10:47 Double-Bit Axe
11:15 Horse Collar
17:41 Fletching
22:09 Castle Age
22:35 Padded Archer Armor
22:40 Elite Skirmisher
23:42 Bodkin Arrow
24:54 Wheelbarrow
24:23 Heavy Plow
27:13 Crossbowman
30:57 Town Watch
34:08 Ballistics
34:40 Gold Mining
35:49 Leather Archer Armor
38:43 Masonry
38:18 Treadmill Crane
39:25 Town Patrol
40:39 Hand Cart
45:20 Imperial Age
45:26 Arbalester
46:09 Bracer
46:40 Ring Archer Armor
47:13 Chemistry
46:44 Architecture
47:18 Conscription
47:38 Warwolf
47:59 Yeomen
53:59 Caravan
Mackers3011
10:16 Loom
12:19 Feudal Age
13:44 Double-Bit Axe
13:44 Horse Collar
14:39 Gold Mining
15:30 Scale Barding Armor
25:22 Castle Age
24:30 Forging
26:32 Husbandry
26:40 Heavy Plow
28:06 Bloodlines
28:28 Bow Saw
28:32 Squires
29:53 Chain Barding Armor
30:51 Pikeman
37:36 Iron Casting
42:12 Imperial Age
42:21 Cavalier
44:23 Paladin
52:32 Halberdier
Pia-Pia
6:50 Loom
10:03 Feudal Age
12:05 Double-Bit Axe
13:24 Bloodlines
14:07 Forging
14:23 Horse Collar
18:13 Scale Barding Armor
19:14 Wheelbarrow
23:27 Castle Age
23:18 Gold Mining
23:18 Stone Mining
25:30 Iron Casting
25:16 Chain Barding Armor
24:59 Husbandry
25:18 Bow Saw
25:13 Heavy Plow
25:52 Stone Shaft Mining
27:20 Town Watch
28:53 Hand Cart
40:02 Imperial Age
41:49 Two-Man Saw
41:22 Crop Rotation
40:46 Fletching
40:57 Padded Archer Armor
41:33 Plate Barding Armor
40:21 Cavalier
40:33 Elite Skirmisher
41:19 Thumb Ring
42:01 Bodkin Arrow
43:18 Chemistry
42:40 Ballistics
45:49 Paladin
Alexeug
1:36 Loom
11:04 Feudal Age
10:55 Loom
16:55 Padded Archer Armor
16:43 Double-Bit Axe
22:37 Horse Collar
23:07 Scale Barding Armor
23:03 Scale Mail Armor
26:57 Castle Age
27:16 Crossbowman
28:01 Thumb Ring
30:44 Elite Skirmisher
33:02 Pikeman
34:47 Light Cavalry
35:39 Bloodlines
36:00 Gold Mining
36:48 Wheelbarrow
37:33 Leather Archer Armor
37:33 Chain Mail Armor
38:52 Heavy Plow
39:04 Bow Saw
39:32 Gold Shaft Mining
38:48 Stone Mining
41:26 Fletching
41:47 Forging
47:36 Imperial Age
46:29 Scale Barding Armor
46:20 Bodkin Arrow
47:00 Iron Casting
47:43 Elite Chu Ko Nu
47:54 Elite Chu Ko Nu
52:58 Chemistry
52:18 Ballistics
51:49 Heated Shot
51:55 Murder Holes
52:31 Arbalester
53:50 Ring Archer Armor
53:42 Chain Barding Armor
53:52 Plate Mail Armor
53:23 Bracer
54:23 Blast Furnace
Connection lost

Rejoining the realm…

Still unreachable

The connection could not be restored.

Session expired

The server has moved on; the page needs a fresh start.